 Dungeon Crawl Stone Soup version 0.27.1-1-g398f81649c (webtiles) character file.

Game seed: 17751612465131479422

60 Descartes the Ducker (level 4, -1/33 HPs)
             Began as a Djinni Warper on Sept 6, 2021.
             Slain by an adder (2 damage)
             ... on level 3 of the Dungeon.
             The game lasted 00:04:32 (2710 turns).

Descartes the Ducker (Djinni Warper)                Turns: 2710, Time: 00:04:33

Health: -1/33      AC: 12    Str: 11    XL:     4   Next: 24%
Gold:   110        EV:  5    Int: 14    God:
                   SH:  0    Dex: 13

rFire    + + .     SeeInvis .   a - +0 falchion
rCold    . . .     Faith    .   (no shield)
rNeg     . . .     Spirit   .   h - +4 chain mail
rPois    ∞         Reflect  .   (no helmet)
rElec    .         Harm     .   (no cloak)
rCorr    .         Rampage  .   (no gloves)
Will     .....     Clarity  +   (boots unavailable)
Stlth    ..........             (no amulet)
HPRegen  0.11/turn              g - ring of protection from cold
MPRegen  0.00/turn              (no ring)

@: flying
A: sickness immunity, fire resistance 2, cold vulnerability 1, float, innate
caster, hp casting, extra vitality 1, clarity
a: no special abilities


You were on level 3 of the Dungeon.
You visited 1 branch of the dungeon, and saw 3 of its levels.

You collected 110 gold pieces.

Inventory:

Hand Weapons
 a - a +0 falchion (weapon)
Missiles
 d - 5 boomerangs of dispersal (quivered)
Armour
 h - a +4 chain mail (worn)
Jewellery
 g - a ring of protection from cold (left hand)
Scrolls
 c - a scroll of blinking
 f - 2 scrolls of identify
Potions
 e - 2 potions of curing


   Skills:
 - Level 2.0 Fighting
 + Level 2.4 Long Blades
 - Level 0.7 Throwing
 - Level 1.0 Armour
 + Level 2.9 Dodging
 + Level 1.4 Stealth
 + Level 2.8 Spellcasting


You couldn't memorise any spells.
You knew the following spells:

 Your Spells              Type           Power      Damage    Failure   Level
a - Blink                 Tloc           N/A        N/A       99%         2
b - Lesser Beckoning      Tloc           4%         N/A       100%        3
c - Gell's Gravitas       Tloc           4%         N/A       100%        3
d - Teleport Other        Tloc           9%         N/A       100%        3
e - Manifold Assault      Tloc           9%         N/A       100%        5
f - Shock                 Conj/Air       36%        1d5       99%         1
Your spell library was empty.

Dungeon Overview and Level Annotations

Branches:
Dungeon (3/15)

Altars:
The Shining One

Shops:
D:1 :

Annotations:
D:2 Terence


Innate Abilities, Weirdness & Mutations

You are immune to sickness and miasma.
You are immune to poison.
Your flesh is very heat resistant. (rF++)
You are vulnerable to cold. (rC-)
You float through the air rather than walking.
You learn spells naturally, not from books.
Your magical power is your life essence.
You have superior vitality. (+4 HP)
You possess an exceptional clarity of mind.


Message History

The adder is heavily wounded.
The adder bites you but does no damage. The adder barely misses you.
You closely miss the adder.
The adder is heavily wounded.
The adder bites you but does no damage.
You hit the adder.
The adder is almost dead.
The adder bites you but does no damage. The adder bites you.
* * * LOW HITPOINT WARNING * * *
Your chain mail prevents you from hitting the adder.
The adder is almost dead.
The adder bites you but does no damage. The adder barely misses you.
Your chain mail prevents you from hitting the adder.
The adder is almost dead.
The adder bites you.
* * * LOW HITPOINT WARNING * * *
You miss the adder.
The adder is almost dead.
The adder bites you but does no damage. The adder bites you.
* * * LOW HITPOINT WARNING * * *
You closely miss the adder.
The adder is almost dead.
The adder bites you but does no damage.
You miss the adder.
The adder is almost dead.
The adder barely misses you. The adder bites you but does no damage.
You closely miss the adder.
The adder is almost dead.
The adder bites you but does no damage.
You barely miss the adder.
The adder is almost dead.
The adder bites you but does no damage. x2
You closely miss the adder.
The adder is almost dead.
The adder bites you.
* * * LOW HITPOINT WARNING * * *
You miss the adder.
The adder is almost dead.
The adder bites you but does no damage. The adder bites you.
You die...

#### ###### #...# .....# #...#
.....# #...# ### .....# #...####
#... ####
.....####...#..#########...###...
..............oS@....... ...#....
.....###[....#.######### .......
..................#### #.....
......##....#.$....... #.....
......##.####..##.#... #..<..
.........# #..# ...## #.....
≈≈≈≈≈≈.### #... ..# ##.$..
..§§.≈.## ..... ... .....
≈≈≈§§≈... ....... ... #.....


You could see an adder and an orc.

Vanquished Creatures
  A worm (D:2)
  2 dart slugs (D:1)
  6 endoplasms
  4 giant cockroaches
  4 goblins
  7 hobgoblins
  6 jackals
  A kobold (D:2)
  A quokka (D:1)
  3 ball pythons
  3 bats
  2 frilled lizards (D:1)
  5 rats
45 creatures vanquished.

Notes
Turn   | Place    | Note
-------+----------+-------------------------------------------
     0 | D:1      | Descartes the Djinni Warper began the quest for the Orb.
     0 | D:1      | Reached XP level 1. HP: 18/18 MP: 0/0
   412 | D:1      | Reached XP level 2. HP: 11/23 MP: 0/0
   793 | D:1      | Reached XP level 3. HP: 12/28 MP: 0/0
   793 | D:1      | Learned a level 1 spell: Shock
  1088 | D:1      | Reached skill level 1 in Stealth
  1346 | D:1      | Found Wessado's Book Emporium.
  1440 | D:1      | Found a faded altar of an unknown god.
  1645 | D:1      | You are sucked into a shaft and drop 1 floor!
  1800 | D:2      | Reached XP level 4. HP: 29/33 MP: 0/0
  2111 | D:2      | Noticed Terence
  2620 | D:3      | Found a glowing golden altar of the Shining One.
  2632 | D:3      | Gained mutation: You possess an exceptional clarity of
                  | mind. [potion of mutation]
  2709 | D:3      | HP: 1/33 [adder (3)]
  2710 | D:3      | Slain by an adder

Illustrated notes

Levels and vault maps discovered:
D:1:      nzn_arrival_water_spiral, layout_rooms, serial_shops, shop_fountains,
          dreamdust_ecumenical_altar_angels_and_demons
D:2:      layout_basic, uniq_terence
D:3:      layout_rooms, mainiacjoe_overflow_concentric_impassable,
          portal_sewer_entry_e, uniq_robin

Skill      XL: |  1  2  3 |
---------------+----------+-----
Long Blades    | 2 |  2.4
Stealth        | 1 |  1.4
Fighting       | |  2.0
Throwing       | |  0.7
Armour         | |  1.0
Dodging        | |  2.9
Spellcasting   | |  2.8

Action                   |  1- 3 |  4- 6 || total
-------------------------+-------+-------++-------
Melee: Falchion          |   111 |    79 ||   190
  Use: Scroll            |       |     2 ||     2
       Potion            |       |     1 ||     1
 Stab: Sleeping          |     2 |       ||     2
Armor: Leather armour    |    31 |    11 ||    42
       Chain mail        |       |    25 ||    25
Dodge: Dodged            |   104 |    49 ||   153
       Rpst.: Falchion   |    26 |    14 ||    40
